3L
ATHLETIC CLUB KC @ PANAMA CITY PIRANHAS
08/03/2041
 
TOP OF THE 1ST
Athletic Club KC batting - Pitching for Panama City Piranhas : RHP Dylan Grandjean
Pitching: RHP Dylan Grandjean
Batting: LHB César Núñez 0-0: SINGLE (Groundball, 5S, EV 68.1 MPH) (infield hit)
Batting: RHB Ali Ben Bongo 0-0: Ball
1-0: Ball
2-0: Ball
3-0: Called Strike
3-1: Foul Ball, location: 2F
3-2: Base on Balls
César Núñez to second
Batting: RHB Jimbob Ghostkeeper 0-0: Ball
1-0: Foul Ball, location: 2F
1-1: Swinging Strike
1-2: Ball
2-2: Fly out, F2 (Popup, 2L, EV 90.6 MPH)
Batting: RHB Shou-xin Quian 0-0: Ball
1-0: Ball
2-0: DOUBLE (Groundball, 5L, EV 104.4 MPH)
César Núñez scores
Ali Ben Bongo to third
Batting: LHB Miguel Fernández 0-0: Foul Ball, location: 2F
0-1: Ball
1-1: Ground out 4-3 (Groundball, 34, EV 102.5 MPH)
Ali Ben Bongo scores
Shou-xin Quian to third
Batting: RHB José de la Cavallería 0-0: Foul Ball, location: 2F
0-1: Ball
1-1: SINGLE (Line Drive, 4M, EV 103.1 MPH)
Shou-xin Quian scores
Batting: SHB Noel Lancaster 0-0: Called Strike
0-1: Swinging Strike
0-2: Fly out, F4 (Popup, 13S, EV 83.1 MPH)
Top of the 1st over - 3 runs, 3 hits, 0 errors, 1 left on base; Athletic Club KC 3 - Panama City 0
BOTTOM OF THE 1ST
Panama City Piranhas batting - Pitching for Athletic Club KC : RHP Kullervo Hostikka
Pitching: RHP Kullervo Hostikka
Batting: LHB Oasiz Wiesblatt 0-0: Foul Ball, location: 2F
0-1: Called Strike
0-2: Ground out 6-3 (Groundball, 6S, EV 65.6 MPH)
Batting: RHB Cleveland Kraut 0-0: Ball
1-0: Ball
2-0: Ball
3-0: Called Strike
3-1: Foul Ball, location: 2F
3-2: Fly out, F7 (Line Drive, 7, EV 85.6 MPH)
Batting: RHB Blaze Alexander 0-0: Ball
1-0: Foul Ball, location: 2F
1-1: Ball
2-1: Ground out 3-1 (Groundball, 34, EV 85.6 MPH)
Bottom of the 1st over - 0 runs, 0 hits, 0 errors, 0 left on base; Athletic Club KC 3 - Panama City 0
TOP OF THE 2ND
Athletic Club KC batting - Pitching for Panama City Piranhas : RHP Dylan Grandjean
Batting: RHB Shane Reyes 0-0: Ball
1-0: Swinging Strike
1-1: Ground out 6-3 (Groundball, 6, EV 107.5 MPH)
Batting: RHB Gabriel Martínez 0-0: Ball
1-0: Called Strike
1-1: Swinging Strike
1-2: Strikes out swinging
Batting: LHB César Núñez 0-0: Foul Ball, location: 2F
0-1: SINGLE (Flyball, 78S, EV 85.0 MPH) - OUT at second base trying to stretch hit.
Top of the 2nd over - 0 runs, 1 hit, 0 errors, 0 left on base; Athletic Club KC 3 - Panama City 0
BOTTOM OF THE 2ND
Panama City Piranhas batting - Pitching for Athletic Club KC : RHP Kullervo Hostikka
Batting: RHB Kieran Hansen 0-0: Called Strike
0-1: Foul Ball, location: 2F
0-2: Ball
1-2: Ground out 6-3 (Groundball, 6S, EV 88.8 MPH)
Batting: RHB Hyeon-cheong Kim 0-0: Ball
1-0: Ground out 6-3 (Groundball, 6D, EV 101.2 MPH)
Batting: LHB Ji-e Loh 0-0: Called Strike
0-1: Called Strike
0-2: Strikes out swinging
Bottom of the 2nd over - 0 runs, 0 hits, 0 errors, 0 left on base; Athletic Club KC 3 - Panama City 0
TOP OF THE 3RD
Athletic Club KC batting - Pitching for Panama City Piranhas : RHP Dylan Grandjean
Batting: RHB Ali Ben Bongo 0-0: Ball
1-0: Ball
2-0: Ball
3-0: Base on Balls
Batting: RHB Jimbob Ghostkeeper 0-0: Ball
1-0: Ball
2-0: Ball
3-0: Called Strike
3-1: Base on Balls
Ali Ben Bongo to second
Batting: RHB Shou-xin Quian 0-0: Ball
1-0: Ball
2-0: Grounds into double play, 1-6-3 (Groundball, 13, EV 81.9 MPH)
Ali Ben Bongo to third
Batting: LHB Miguel Fernández 0-0: Called Strike
0-1: Called Strike
0-2: Strikes out looking
Top of the 3rd over - 0 runs, 0 hits, 0 errors, 1 left on base; Athletic Club KC 3 - Panama City 0
BOTTOM OF THE 3RD
Panama City Piranhas batting - Pitching for Athletic Club KC : RHP Kullervo Hostikka
Batting: LHB Ashley Thachi 0-0: Foul Ball, location: 2F
0-1: Ground out 4-3 (Groundball, 4M, EV 90.6 MPH)
Batting: RHB Carsello Scruggins 0-0: Ball
1-0: SOLO HOME RUN (Flyball, 7LD, EV 91.9 MPH), Distance : 345 ft
Batting: RHB Luke Thornton 0-0: Swinging Strike
0-1: Ball
1-1: Called Strike
1-2: Ground out 1-3 (Groundball, 15, EV 82.5 MPH)
Batting: LHB Oasiz Wiesblatt 0-0: Called Strike
0-1: Ground out 4-3 (Groundball, 4, EV 105.6 MPH)
Bottom of the 3rd over - 1 run, 1 hit, 0 errors, 0 left on base; Athletic Club KC 3 - Panama City 1
TOP OF THE 4TH
Athletic Club KC batting - Pitching for Panama City Piranhas : RHP Dylan Grandjean
Batting: RHB José de la Cavallería 0-0: Ball
1-0: Ball
2-0: Called Strike
2-1: Fly out, F2 (Popup, 25F, EV 83.1 MPH)
Batting: SHB Noel Lancaster 0-0: Called Strike
0-1: Foul Ball, location: 2F
0-2: Foul Ball, location: 2F
0-2: Ball
1-2: Foul Ball, location: 2F
1-2: Foul Ball, location: 2F
1-2: Foul Ball, location: 2F
1-2: Ball
2-2: Fly out, F8 (Line Drive, 8LD, EV 91.2 MPH)
Batting: RHB Shane Reyes 0-0: Called Strike
0-1: Ground out 4-3 (Groundball, 4, EV 83.1 MPH)
Top of the 4th over - 0 runs, 0 hits, 0 errors, 0 left on base; Athletic Club KC 3 - Panama City 1
BOTTOM OF THE 4TH
Panama City Piranhas batting - Pitching for Athletic Club KC : RHP Kullervo Hostikka
Batting: RHB Cleveland Kraut 0-0: Ball
1-0: Called Strike
1-1: Ball
2-1: Ball
3-1: SINGLE (Line Drive, 9LS, EV 102.5 MPH)
Batting: RHB Blaze Alexander 0-0: Called Strike
0-1: Called Strike
0-2: Fly out, F8 (Line Drive, 8RD, EV 98.1 MPH)
Batting: RHB Kieran Hansen 0-0: Foul Ball, location: 2F
0-1: Ball
1-1: Fly out, F7 (Flyball, 7, EV 98.1 MPH)
Batting: RHB Hyeon-cheong Kim 0-0: Called Strike
0-1: Swinging Strike
0-2: Reached on error, E2 (Groundball, 2L, EV 68.8 MPH)
Cleveland Kraut to third
Batting: LHB Ji-e Loh 0-0: Ball
1-0: Ball
2-0: Fly out, F4 (Popup, 4D, EV 53.8 MPH)
Bottom of the 4th over - 0 runs, 1 hit, 1 error, 2 left on base; Athletic Club KC 3 - Panama City 1
TOP OF THE 5TH
Athletic Club KC batting - Pitching for Panama City Piranhas : RHP Dylan Grandjean
Batting: RHB Gabriel Martínez 0-0: Called Strike
0-1: Called Strike
0-2: Ball
1-2: Foul Ball, location: 2F
1-2: Fly out, F8 (Flyball, 8RS, EV 93.1 MPH)
Batting: LHB César Núñez 0-0: Foul Ball, location: 2F
0-1: Fly out, F7 (Flyball, 7S, EV 89.4 MPH)
Batting: RHB Ali Ben Bongo 0-0: Ball
1-0: Called Strike
1-1: Ground out 1-3 (Groundball, 34S, EV 81.2 MPH)
Top of the 5th over - 0 runs, 0 hits, 0 errors, 0 left on base; Athletic Club KC 3 - Panama City 1
BOTTOM OF THE 5TH
Panama City Piranhas batting - Pitching for Athletic Club KC : RHP Kullervo Hostikka
Batting: LHB Ashley Thachi 0-0: Ball
1-0: Called Strike
1-1: Foul Ball, location: 2F
1-2: Foul Ball, location: 2F
1-2: Foul Ball, location: 2F
1-2: Fly out, F6 (Popup, 6S, EV 78.8 MPH)
Batting: RHB Carsello Scruggins 0-0: Called Strike
0-1: Ball
1-1: Ground out 4-3 (Groundball, 34, EV 106.2 MPH)
Batting: RHB Luke Thornton 0-0: Foul Ball, location: 2F
0-1: Fly out, F9 (Flyball, 89S, EV 90.0 MPH)
Bottom of the 5th over - 0 runs, 0 hits, 0 errors, 0 left on base; Athletic Club KC 3 - Panama City 1
TOP OF THE 6TH
Athletic Club KC batting - Pitching for Panama City Piranhas : RHP Dylan Grandjean
Batting: RHB Jimbob Ghostkeeper 0-0: Ball
1-0: SINGLE (Flyball, 7LS, EV 97.5 MPH)
Batting: RHB Shou-xin Quian 0-0: Called Strike
0-1: Foul Ball, location: 2F
0-2: Grounds into double play, 5-4-3 (Groundball, 5, EV 83.1 MPH)
Batting: LHB Miguel Fernández 0-0: Swinging Strike
0-1: SINGLE (Groundball, 6MD, EV 96.9 MPH)
Batting: RHB José de la Cavallería 0-0: Ball
1-0: Foul Ball, location: 2F
1-1: Ball
2-1: Reached on error, E6 (Groundball, 6, EV 91.9 MPH)
Miguel Fernández to second
Batting: SHB Noel Lancaster 0-0: Ball
1-0: Fly out, F8 (Flyball, 8RS, EV 92.5 MPH)
Top of the 6th over - 0 runs, 2 hits, 1 error, 2 left on base; Athletic Club KC 3 - Panama City 1
BOTTOM OF THE 6TH
Panama City Piranhas batting - Pitching for Athletic Club KC : RHP Kullervo Hostikka
Batting: LHB Oasiz Wiesblatt 0-0: Ball
1-0: Called Strike
1-1: Foul Ball, location: 2F
1-2: SINGLE (Groundball, 3D, EV 97.5 MPH)
Batting: RHB Cleveland Kraut 0-0: Ball
1-0: Ball
2-0: Reached on error, E1 (Groundball, P, EV 88.1 MPH)
Oasiz Wiesblatt to second
Batting: RHB Blaze Alexander 0-0: Ball
1-0: Called Strike
1-1: Called Strike
1-2: Ball
2-2: Fly out, F4 (Popup, 4D, EV 50.0 MPH)
Batting: RHB Kieran Hansen 0-0: Called Strike
0-1: Grounds into double play, 4-6-3 (Groundball, 4, EV 85.6 MPH)
Bottom of the 6th over - 0 runs, 1 hit, 1 error, 1 left on base; Athletic Club KC 3 - Panama City 1
TOP OF THE 7TH
Athletic Club KC batting - Pitching for Panama City Piranhas : RHP Dylan Grandjean
Batting: RHB Shane Reyes 0-0: Called Strike
0-1: Ball
1-1: Ball
2-1: Called Strike
2-2: SINGLE (Groundball, 34D, EV 100.6 MPH)
Pitching: RHP Jonathan Lentz
Batting: RHB Gabriel Martínez 0-0: Ball
1-0: Foul Ball, location: 2F
1-1: Ball
2-1: SINGLE (Groundball, 6MD, EV 103.1 MPH)
Shane Reyes to second
Batting: LHB César Núñez 0-0: Ball
1-0: Ball
2-0: Ball
3-0: Base on Balls
Shane Reyes to third
Gabriel Martínez to second
Batting: RHB Ali Ben Bongo 0-0: Ball
1-0: SINGLE (Line Drive, 4D, EV 93.8 MPH)
Shane Reyes scores
Gabriel Martínez to third
César Núñez to second
Runner from 3rd tries for Home, SAFE, throw by RF to home
Batting: RHB Jimbob Ghostkeeper 0-0: Called Strike
0-1: Ball
1-1: Fly out, F8 (Line Drive, 8RM, EV 98.8 MPH)
Batting: RHB Shou-xin Quian 0-0: Ball
1-0: Called Strike
1-1: Ball
2-1: DOUBLE (Flyball, 8RXD, EV 93.1 MPH)
César Núñez scores
Ali Ben Bongo to third
Runner from 3rd tries for Home, SAFE, no throw by CF
Batting: LHB Miguel Fernández 0-0: Ball
1-0: Called Strike
1-1: Fly out, F5 (Popup, 56S, EV 73.8 MPH)
Batting: RHB José de la Cavallería 0-0: SINGLE (Groundball, 6, EV 102.5 MPH) (infield hit)
Shou-xin Quian to third
Batting: SHB Noel Lancaster 0-0: Called Strike
0-1: Ball
1-1: Fly out, F6 (Popup, 56, EV 61.2 MPH)
Top of the 7th over - 4 runs, 5 hits, 0 errors, 2 left on base; Athletic Club KC 7 - Panama City 1
BOTTOM OF THE 7TH
Panama City Piranhas batting - Pitching for Athletic Club KC : RHP Kullervo Hostikka
Batting: RHB Hyeon-cheong Kim 0-0: Called Strike
0-1: Ball
1-1: Ball
2-1: Called Strike
2-2: SINGLE (Line Drive, 6D, EV 105.0 MPH)
Batting: LHB Ji-e Loh 0-0: Ball
1-0: Ball
2-0: Called Strike
2-1: Ball
3-1: Base on Balls
Hyeon-cheong Kim to second
Batting: LHB Ashley Thachi 0-0: Called Strike
0-1: Fly out, F8 (Flyball, 8RM, EV 93.1 MPH)
Batting: RHB Carsello Scruggins 0-0: Ball
1-0: Foul Ball, location: 2F
1-1: Ball
2-1: Reached on error, E1 (Groundball, 15, EV 80.6 MPH)
Hyeon-cheong Kim to third
Ji-e Loh to second
Pitching: RHP Pedro Herrera
Batting: RHB Luke Thornton 0-0: Ball
1-0: Ball
2-0: Foul Ball, location: 2F
2-1: Foul Ball, location: 2F
2-2: Foul Ball, location: 2F
2-2: Ball
3-2: SINGLE (Groundball, 56D, EV 94.4 MPH)
Hyeon-cheong Kim scores
Ji-e Loh to third
Carsello Scruggins to second
Runner from 3rd tries for Home, SAFE, no throw by LF
Batting: LHB Oasiz Wiesblatt 0-0: Ball
1-0: Called Strike
Carsello Scruggins steals 3rd base
1-1: Foul Ball, location: 2F
1-2: Foul Ball, location: 2F
1-2: Ball
2-2: Ball
3-2: Fly out, F8 (Flyball, 8LM, EV 90.0 MPH)
Batting: RHB Cleveland Kraut 0-0: Called Strike
0-1: Fly out, F9 (Line Drive, 9, EV 98.1 MPH)
Bottom of the 7th over - 2 runs, 2 hits, 1 error, 2 left on base; Athletic Club KC 7 - Panama City 3
TOP OF THE 8TH
Athletic Club KC batting - Pitching for Panama City Piranhas : RHP Jonathan Lentz
Batting: RHB Shane Reyes 0-0: Ball
1-0: Called Strike
1-1: Swinging Strike
1-2: Foul Ball, location: 2F
1-2: Foul Ball, location: 2F
1-2: Ball
2-2: Ball
3-2: Strikes out swinging
Batting: RHB Gabriel Martínez 0-0: Ball
1-0: Foul Ball, location: 2F
1-1: Ball
2-1: Foul Ball, location: 2F
2-2: SINGLE (Groundball, 4MD, EV 99.4 MPH)
Pitching: LHP Ramón Barrueco
Batting: LHB César Núñez 0-0: Ball
1-0: Fly out, F5 (Popup, 5SF, EV 80.0 MPH)
Batting: RHB Ali Ben Bongo 0-0: Called Strike
0-1: Ball
1-1: Ball
2-1: Ball
3-1: Foul Ball, location: 2F
3-2: Foul Ball, location: 2F
3-2: Base on Balls
Gabriel Martínez to second
Batting: RHB Jimbob Ghostkeeper 0-0: DOUBLE (Flyball, 8RXD, EV 97.5 MPH)
Gabriel Martínez scores
Ali Ben Bongo to third
Runner from 3rd tries for Home, SAFE, throw by CF to home
Batting: RHB Shou-xin Quian 0-0: Called Strike
0-1: Called Strike
0-2: Strikes out swinging
Top of the 8th over - 2 runs, 2 hits, 0 errors, 1 left on base; Athletic Club KC 9 - Panama City 3
BOTTOM OF THE 8TH
Panama City Piranhas batting - Pitching for Athletic Club KC : RHP Pedro Herrera
Batting: RHB Blaze Alexander 0-0: Ball
1-0: Ball
2-0: Ground out 5-3 (Groundball, 56, EV 98.8 MPH)
Batting: RHB Kieran Hansen 0-0: Foul Ball, location: 2F
0-1: Ball
1-1: Swinging Strike
1-2: Ball
2-2: Foul Ball, location: 2F
2-2: Ball
3-2: Foul Ball, location: 2F
3-2: Base on Balls
Batting: RHB Hyeon-cheong Kim 0-0: Fielders Choice at 2nd, 6-4 (Groundball, 6, EV 84.4 MPH)
Batting: LHB Ji-e Loh 0-0: Called Strike
0-1: Called Strike
0-2: Ball
1-2: Foul Ball, location: 2F
1-2: Ball
Pickoff Throw by Catcher to First - Out!
Bottom of the 8th over - 0 runs, 0 hits, 0 errors, 0 left on base; Athletic Club KC 9 - Panama City 3
TOP OF THE 9TH
Athletic Club KC batting - Pitching for Panama City Piranhas : LHP Ramón Barrueco
Batting: LHB Miguel Fernández 0-0: Ball
1-0: Foul Ball, location: 2F
1-1: Fly out, F8 (Flyball, 8RD, EV 99.4 MPH)
Batting: RHB José de la Cavallería 0-0: Ball
1-0: Foul Ball, location: 2F
1-1: Ball
2-1: Ball
3-1: Base on Balls
Batting: SHB Noel Lancaster 0-0: Foul Ball, location: 2F
0-1: Swinging Strike
0-2: Ball
1-2: Strikes out looking
Batting: RHB Shane Reyes 0-0: Ball
1-0: SINGLE (Groundball, 34D, EV 103.1 MPH)
José de la Cavallería to second
Runner from 2nd tries for 3rd, SAFE, no throw by RF
Batting: RHB Gabriel Martínez 0-0: Ball
1-0: Ball
2-0: Ball
3-0: Called Strike
3-1: Fly out, F1 (Line Drive, P, EV 72.5 MPH)
Top of the 9th over - 0 runs, 1 hit, 0 errors, 2 left on base; Athletic Club KC 9 - Panama City 3
BOTTOM OF THE 9TH
Panama City Piranhas batting - Pitching for Athletic Club KC : RHP Pedro Herrera
Batting: LHB Ji-e Loh 0-0: Foul Ball, location: 2F
0-1: Ball
1-1: Ground out 4-3 (Groundball, 4, EV 83.8 MPH)
Batting: LHB Ashley Thachi 0-0: Called Strike
0-1: SINGLE (Groundball, 6MD, EV 101.2 MPH)
Pitching: RHP David Maxwell
Batting: RHB Carsello Scruggins 0-0: Ball
1-0: Swinging Strike
1-1: Ball
2-1: Foul Ball, location: 2F
2-2: Foul Ball, location: 2F
2-2: Strikes out swinging
Batting: RHB Luke Thornton 0-0: Foul Ball, location: 2F
0-1: Reached on error, E6 (Groundball, 56, EV 85.0 MPH)
Ashley Thachi to second
Batting: LHB Oasiz Wiesblatt 0-0: Called Strike
0-1: Called Strike
0-2: Ball
1-2: Foul Ball, location: 2F
1-2: Ball
2-2: Ball
3-2: Foul Ball, location: 2F
3-2: Base on Balls
Ashley Thachi to third
Luke Thornton to second
Batting: RHB Cleveland Kraut 0-0: Called Strike
0-1: Called Strike
0-2: Strikes out swinging
Bottom of the 9th over - 0 runs, 1 hit, 1 error, 3 left on base; Athletic Club KC 9 - Panama City 3
Tuesday, January 5th, 2021 - OOTP Baseball 20.8 Build 74